[Event "*** Biggest EVER Titled Tuesday"]
[Site "Chess.com"]
[Date "2018.04.17"]
[Round "2"]
[White "chesssharkattack"]
[Black "Rokis13"]
[Result "1-0"]
[WhiteElo "2393"]
[BlackElo "2421"]
[TimeControl "180+2"]
[EndTime "13:22:44 PDT"]
[Termination "chesssharkattack won by checkmate"]

1. e4 e5 2. Bc4 Nf6 3. d3 c6 4. Nf3 d5 5. Bb3 Bd6 6. Nc3 Bc7 7.
Bg5 Be6 8. d4 exd4 9. Nxd4 h6 10.
Nxe6 fxe6 11. Bh4 O-O 12. Qe2 Nbd7 13. O-O-O Qe8 14. Kb1 a5 15. a4 Nc5 16. Bxf6 Rxf6 17.
Ba2 Be5 18. Qe3 Bxc3 19. Qxc5 Bb4 20. Qe3 Qf8 21. f3 Rg6 22. g4 Rf6 23. Rhf1 Bc5 24. Qe2 Qf7 25. exd5 exd5 26. Rd3 Re8 27. Qd2 Rfe6 28. Bb3 Kh8 29. Qxa5 b6 30. Qc3 Qe7 31.
h4 Qxh4 32. Rfd1 Qe7 33. Qd2 Re2 34. Qc3 Bb4 35. Qd4 c5 36. Qxd5 Re1 37. Ka2 Rxd1 38.
Rxd1 b5 39. g5 bxa4 40. Bxa4 Rb8 41. gxh6 Qa7 42. hxg7+ Kxg7 43. Rg1+ Kf6 44. Qg5+ Ke6 45. Qg6+ Kd5 46. Rg5+ Kd4 47. Qd3# 1-0

[Event "*** Biggest EVER Titled Tuesday"]
[Site "Chess.com"]
[Date "2018.04.17"]
[Round "2"]
[White "maciek_92"]
[Black "Sanan_Sjugirov"]
[Result "0-1"]
[WhiteElo "2572"]
[BlackElo "2816"]
[TimeControl "180+2"]
[EndTime "13:22:45 PDT"]
[Termination "Sanan_Sjugirov won by resignation"]

1. c4 c5 2. Nc3 g6 3. g3 Bg7 4.
Bg2 Nc6 5. e3 e5 6. Nge2 Nge7 7.
d3 d6 8. Rb1 Rb8 9. a3 a5 10.
O-O h5 11. d4 cxd4 12. exd4 exd4 13. Nb5 Bf5 14. Ra1 d3 15. Nf4 Ne5 16. Nd4 Bg4 17. Qb3 O-O 18. Nxd3 N7c6 19. Nb5 a4 20. Qc2 Bf5 21.
Rd1 Nxd3 22. Rxd3 Ne5 23. Bf1 Rc8 24. Qd1 Bxd3 25. Bxd3 Nxc4 26. Qxa4 d5 27. Rb1 Re8 28. Bf4 Nxb2 29. Qb3 Nxd3 30. Qxd3 Rc6 31. Nd4 Rc4 32. Nf3 Rc3 33. Qd1 Rxa3 34. Ng5 Qd7 35. Kg2 d4 36. Rb6 Qd5+ 37. Kh3 d3 38. Rd6 Qf5+ 39. Kg2 h4 40. Nf3 h3+ 41. Kg1 Ra1 42. Bc1 Qxf3 0-1

[Event "*** Biggest EVER Titled Tuesday"]
[Site "Chess.com"]
[Date "2018.04.17"]
[Round "2"]
[White "Yaacovn"]
[Black "Arystanner23"]
[Result "0-1"]
[WhiteElo "2656"]
[BlackElo "2499"]
[TimeControl "180+2"]
[EndTime "13:22:45 PDT"]
[Termination "Arystanner23 won by resignation"]

1. d4 Nf6 2. Nf3 g6 3. e3 Bg7 4. Be2 O-O 5. O-O d5 6. b3 b6 7. Bb2 Bb7 8. c4 e6 9. Nc3 Nbd7 10.
Rc1 c5 11. cxd5 exd5 12. Ne5 cxd4 13. exd4 Ne4 14. f4 Ndf6 15. Bf3 Nxc3 16. Bxc3 Ne4 17. Bb4 Re8 18. Be2 a5 19. Ba3 Bf8 20. Bxf8 Rxf8 21. f5 Qg5 22. Qe1 Qe3+ 23. Kh1 Qxd4 24. Nf3 Qe3 25.
Bb5 Qxe1 26. Rfxe1 Rac8 27. Kg1 Nc3 28. Nd4 Nxb5 29.
Nxb5 Ba6 30. Nc7 Bb7 31. Nb5 Rxc1 32. Rxc1 Rc8 33. Rxc8+ Bxc8 34. f6 g5 35. Kf2 h5 36.
Ke3 Kh7 37. Kd4 Kg6 38. Ke5 h4 39. Nc3 d4 40. Kxd4 Bb7 41. Nd5 Bxd5 42. Kxd5 Kxf6 43. Kc6 h3 44. g3 Ke6 45. Kxb6 f5 46. Kc5 Ke5 47. Kc4 Ke4 48. Kc3 f4 49. gxf4 g4 0-1

[Event "*** Biggest EVER Titled Tuesday"]
[Site "Chess.com"]
[Date "2018.04.17"]
[Round "2"]
[White "vovachesss"]
[Black "milovanratkovic"]
[Result "0-1"]
[WhiteElo "2367"]
[BlackElo "2472"]
[TimeControl "180+2"]
[EndTime "13:22:49 PDT"]
[Termination "milovanratkovic won by resignation"]

1. e4 c6 2. d4 d5 3. exd5 cxd5 4. c4 Nf6 5. Nc3 Nc6 6. Nf3 Be6 7. Bg5 h6 8. Bf4 g5 9. Bg3 Bg7 10. Be2 dxc4 11.
O-O O-O 12. Re1 a6 13. Qd2 b5 14. Rad1 Nd5 15. Ne5 Nxe5 16. Bxe5 f6 17. Bg3 Nxc3 18.
bxc3 Bd5 19. h4 Qd7 20. Qe3 Qb7 21. Bf3 Bxf3 22. gxf3 e5 23. dxe5 fxe5 24. hxg5 Rxf3 25. Qd2 h5 26. Bxe5 Raf8 27. Bxg7 Qxg7 28. Qd5+ Kh8 29.
Re6 R3f5 30. Rh6+ Qxh6 31. gxh6 Rxd5 32. Rxd5 Rf3 33. a4 bxa4 34. Rxh5 Rxc3 35. Ra5 Ra3 36. Rxa6 c3 37. Rc6 Ra1+ 38. Kg2 Rc1 39. Kf3 a3 40.
Ra6 c2 41. Ra8+ Kh7 42. Ra7+ Kxh6 43. Ra6+ Kg7 44. Rxa3 Rd1 0-1

[Event "*** Biggest EVER Titled Tuesday"]
[Site "Chess.com"]
[Date "2018.04.17"]
[Round "2"]
[White "MikeSailer"]
[Black "stregachess"]
[Result "1/2-1/2"]
[WhiteElo "2008"]
[BlackElo "2078"]
[TimeControl "180+2"]
[EndTime "13:22:51 PDT"]
[Termination "Game drawn by repetition"]

1. e4 c5 2. Nc3 Nc6 3. f4 g6 4. Nf3 Bg7 5. Bb5 Nd4 6. a4 e6 7.
O-O Ne7 8. e5 O-O 9. Ne4 b6 10.
c3 Nxb5 11. axb5 Bb7 12. Nd6 Qc7 13. d4 cxd4 14. cxd4 Nc8 15. Nxb7 Qxb7 16. d5 exd5 17. Be3 Ne7 18. Nd4 Rfc8 19. Qd2 Rc4 20. Rfc1 Rac8 21.
Rc3 Qb8 22. Rac1 Rxc3 23. Rxc3 d6 24. e6 fxe6 25. Nc6 Nxc6 26. bxc6 Bxc3 27. Qxc3 Qc7 28. Qf6 Qf7 29. Qc3 Qc7 30. Qf6 Qf7 31. Qc3 Qe8 32. c7 Qd7 33. Qf6 Qxc7 34. Bd4 Qc1+ 35. Kf2 Rc2+ 36.
Kg3 Qe1+ 37. Bf2 Qe4 38. Qd8+ Kg7 39. Qe7+ Kh6 40. Qg5+ Kg7 41. Qe7+ Kh6 42. Qg5+ Kg7 43. Qe7+ Kg8 44. Qe8+ Kg7 45. Qe7+ Kh6 46. Qg5+ Kg7 47. Qe7+ 1/2-1/2

[Event "*** Biggest EVER Titled Tuesday"]
[Site "Chess.com"]
[Date "2018.04.17"]
[Round "2"]
[White "stalyansky"]
[Black "aa175"]
[Result "1-0"]
[WhiteElo "2129"]
[BlackElo "1868"]
[TimeControl "180+2"]
[EndTime "13:22:51 PDT"]
[Termination "stalyansky won by checkmate"]

1. e4 e5 2. Nf3 Nc6 3. Bb5 Nf6 4. O-O Be7 5. Re1 d6 6. c3 a6 7. Ba4 b5 8. Bc2 Bg4 9. d3 O-O 10. Nbd2 Re8 11. Nf1 h6 12. Ng3 Qd7 13. h3 Be6 14. d4 Bxh3 15. d5 Na7 16. gxh3 Qxh3 17. Nh2 h5 18.
Qf3 Ng4 19. Nxg4 hxg4 20. Qh1 Qxh1+ 21. Kxh1 g6 22. Kg2 c6 23. dxc6 Nxc6 24. Bb3 Kg7 25. Bd5 Rac8 26. a4 Na5 27. axb5 Nc4 28. bxa6 Nb6 29.
Bb7 Rc7 30. Be3 Nc4 31. Bd5 Nxb2 32. a7 Nd3 33. Reb1 Rxc3 34. Rb8 Rcc8 35. Rxc8 Rxc8 36. a8=Q Rxa8 37. Rxa8 Ne1+ 38. Kf1 Nf3 39. Ra7 Kf6 40. Ne2 Nh2+ 41. Kg2 Nf3 42. Kg3 Ng1 43. Nxg1 g5 44.
Kxg4 Kg6 45. Rxe7 Kh6 46. Bxg5+ Kg6 47. Bxf7+ Kg7 48. Bh5+ Kf8 49. Kf5 d5 50. Kf6 Kg8 51.
Bg6 dxe4 52. Re8# 1-0

[Event "*** Biggest EVER Titled Tuesday"]
[Site "Chess.com"]
[Date "2018.04.17"]
[Round "2"]
[White "FairChess_on_YouTube"]
[Black "shyam"]
[Result "1-0"]
[WhiteElo "2892"]
[BlackElo "2564"]
[TimeControl "180+2"]
[EndTime "13:22:56 PDT"]
[Termination "FairChess_on_YouTube won by resignation"]

1. d4 Nf6 2. Bg5 g6 3. Bxf6 exf6 4. c4 Bg7 5. Nc3 O-O 6. e3 f5 7. Nge2 c5 8. dxc5 Na6 9. g3 Nxc5 10. Bg2 d6 11.
O-O Be6 12. b3 h5 13. Rc1 h4 14. Nf4 a5 15. Nb5 Be5 16. Nxe6 fxe6 17. f4 Bf6 18.
Qxd6 Qxd6 19. Nxd6 hxg3 20. Nxb7 gxh2+ 21. Kxh2 Nxb7 22. Bxb7 Rab8 23. Bc6 Kg7 24. Rfd1 e5 25. Rd7+ Rf7 26. c5 exf4 27. exf4 Bb2 28. Rc2 Ba3 29. Ba4 Rc8 30. Rd5 Re7 31. c6 Re4 32. c7 Rh8+ 33. Kg2 Rxf4 34.
Rd7+ Kf6 35. Rc4 Rxc4 36. bxc4 Rc8 37. Bb5 Ke5 38. Ba6 Rxc7 39. Rxc7 g5 40. c5 g4 41. c6 f4 42. Rf7 f3+ 43. Kg3 Ke6 44.
c7 Bd6+ 45. Kxg4 Kxf7 46. c8=Q f2 1-0

[Event "*** Biggest EVER Titled Tuesday"]
[Site "Chess.com"]
[Date "2018.04.17"]
[Round "2"]
[White "StoreySniper"]
[Black "PenguinPacks"]
[Result "1-0"]
[WhiteElo "2245"]
[BlackElo "2155"]
[TimeControl "180+2"]
[EndTime "13:22:56 PDT"]
[Termination "StoreySniper won on time"]

1. c4 c5 2. g3 g6 3. Bg2 Bg7 4.
Nc3 Nc6 5. d3 d6 6. h4 h5 7. Nh3 Nh6 8. Bd2 Bd7 9. a3 Nf5 10.
b4 cxb4 11. axb4 Nxb4 12. Bxb7 Nd4 13. Rb1 Nbc2+ 14. Kf1 Rb8 15. Bg2 Na3 16. Rxb8 Qxb8 17. e3 Nb3 18. Be1 O-O 19. Ng5 Nc5 20. Nd5 Re8 21.
Bb4 Ba4 22. Qf3 f6 23. Ne4 Nc2 24. Bxc5 dxc5 25. Kg1 Qd8 26. Bh3 e6 27. Nf4 Kf7 28. Kh2 e5 29. Nd5 Nb4 30. g4 hxg4 31. Qxg4 Nxd5 32.
cxd5 Qxd5 33. h5 g5 34. h6 Bxh6 35. Qh5+ Ke7 36. Qxh6 Rf8 37. Qh7+ Rf7 38. Qf5 Qxd3 39.
Ng3 Qd6 40. Rb1 Bc6 41. Ra1 Kf8 42. Qg6 Qd2 43. Rf1 Bb5 44. Be6 1-0

[Event "*** Biggest EVER Titled Tuesday"]
[Site "Chess.com"]
[Date "2018.04.17"]
[Round "2"]
[White "martinique24"]
[Black "ehrenfeld"]
[Result "0-1"]
[WhiteElo "2327"]
[BlackElo "2468"]
[TimeControl "180+2"]
[EndTime "13:22:59 PDT"]
[Termination "ehrenfeld won on time"]

1. e4 e5 2. Nf3 Nc6 3. Bb5 a6 4. Ba4 Nf6 5. O-O Be7 6. Re1 b5 7. Bb3 d6 8. c3 O-O 9. h3 Na5 10.
Bc2 c5 11. d4 Qc7 12. Nbd2 Bd7 13. Nf1 Nc4 14. Bd3 Nb6 15. Ng3 Rfe8 16. Bg5 h6 17.
Be3 Bf8 18. Rc1 c4 19. Bb1 a5 20. Nh2 Rad8 21. f4 Bc8 22. Kh1 Qc6 23. Qf3 exd4 24.
Bxd4 Nfd7 25. Nf5 Nc5 26. Qg3 Bxf5 27. exf5 d5 28. Ng4 Ne4 29. Bxe4 dxe4 30. Nf6+ Kh8 31. Nxe8 Rxe8 32. Qh4 f6 33. Bxb6 Qxb6 34. Rcd1 e3 35.
Qh5 Qc6 36. Qf7 Qe4 37. Qd5 Qxf4 38. Re2 Kh7 39. Qxb5 Bd6 40. g3 Qf3+ 41. Rg2 Qxd1+ 42. Kh2 Re5 43. Qxc4 Rxf5 44. Qe4 Qf3 45. Qxf3 Rxf3 46. Kg1 Bc5 47. Kh2 Rf2 0-1

[Event "*** Biggest EVER Titled Tuesday"]
[Site "Chess.com"]
[Date "2018.04.17"]
[Round "2"]
[White "hblanco"]
[Black "catalin009"]
[Result "0-1"]
[WhiteElo "2371"]
[BlackElo "2416"]
[TimeControl "180+2"]
[EndTime "13:22:59 PDT"]
[Termination "catalin009 won by resignation"]

1. e4 c5 2. Nc3 Nc6 3. Bb5 Nd4 4.
Nf3 g6 5. O-O Bg7 6. Bd3 Nc6 7.
Bb5 d6 8. d4 cxd4 9. Nxd4 Bd7 10. Be3 Nf6 11. f3 O-O 12. Qd2 Rc8 13. Nd5 Nxd5 14.
exd5 Nxd4 15. Bxd7 Rxc2 16. Qd3 Qxd7 17. Bxd4 Bxd4+ 18. Qxd4 Qb5 19. b3 Qc5 20. Qxc5 Rxc5 21. Rad1 Rfc8 22.
Rfe1 Kf8 23. Re4 Rc2 24. Rde1 Rxa2 25. Rxe7 Rcc2 26. Rxb7 Rxg2+ 27. Kh1 Rxh2+ 28. Kg1 Rhg2+ 29. Kh1 Rgf2 30. Kg1 Rxf3 31. Ree7 Rb2 32. Rxa7 Rbxb3 33. Red7 Rb2 34. Rxd6 Rd3 35. Ra1 Rbd2 36. Ra7 Rxd5 37. Rf6 Rd7 38. Ra8+ Kg7 39. Rfa6 Rb2 40. Ra1 h5 41.
R8a4 Rdd2 42. Rf4 Rg2+ 43. Kf1 Rh2 44. Kg1 Rbg2+ 45. Kf1 Rh1+ 46. Kxg2 Rxa1 0-1

[Event "*** Biggest EVER Titled Tuesday"]
[Site "Chess.com"]
[Date "2018.04.17"]
[Round "2"]
[White "Robert_Chessmood"]
[Black "Justmig"]
[Result "1-0"]
[WhiteElo "2766"]
[BlackElo "2529"]
[TimeControl "180+2"]
[EndTime "13:23:01 PDT"]
[Termination "Robert_Chessmood won by resignation"]

1. e4 c6 2. d4 d5 3. exd5 cxd5 4. Nf3 Nc6 5. Bb5 Bg4 6. c4 dxc4 7. Nc3 e6 8. O-O Ne7 9. h3 Bxf3 10. Qxf3 Rc8 11. Be3 a6 12. Bxc4 Nxd4 13. Bxd4 Rxc4 14. Be3 Qc8 15.
Rad1 Nf5 16. Bb6 Be7 17. g4 Nh4 18. Qh1 O-O 19. Rd3 Rc6 20. Be3 f5 21. f4 Bc5 22.
Bxc5 Rxc5 23. Qh2 Rc4 24. Qg3 Ng6 25. g5 Qc7 26. Rdf3 Rd8 27. h4 Rdd4 28. Ne2 Re4 29.
R1f2 Rxe2 30. Rxe2 Nxf4 31. Ref2 e5 32. h5 Nxh5 33. Rxf5 Rc1+ 34. Kh2 Rh1+ 35. Kg2 Nf4+ 36. Kxh1 Qc1+ 37. Kh2 g6 38. R5xf4 exf4 39. Qxf4 Qxf4+ 40. Rxf4 h6 41. Kg3 hxg5 42. Rd4 Kf7 43. Rd7+ Ke6 44.
Rxb7 a5 45. Ra7 1-0

[Event "*** Biggest EVER Titled Tuesday"]
[Site "Chess.com"]
[Date "2018.04.17"]
[Round "2"]
[White "dretch"]
[Black "Angry_Twin"]
[Result "1-0"]
[WhiteElo "2637"]
[BlackElo "2721"]
[TimeControl "180+2"]
[EndTime "13:23:01 PDT"]
[Termination "dretch won by resignation"]

1. d4 d5 2. c4 c6 3. Nc3 Nf6 4. e3 e6 5. Bd3 Nbd7 6. e4 dxe4 7. Nxe4 Nxe4 8. Bxe4 Nf6 9. Bc2 c5 10. Nf3 cxd4 11. O-O Bc5 12. Qd3 h6 13. Re1 O-O 14. Ne5 Bd6 15. Qxd4 Qc7 16. Bf4 Bc5 17. Qd3 Qb6 18.
Ng4 Rd8 19. Nxf6+ gxf6 20. Qg3+ Kf8 21. Rad1 Rxd1 22. Rxd1 Ke7 23. Bxh6 e5 24. Be3 Be6 25. Bxc5+ Qxc5 26. b3 a5 27. Be4 Rb8 28. Qe3 Qxe3 29. fxe3 a4 30. bxa4 Bxc4 31. Rb1 Ba6 32. h4 b6 33. a5 b5 34. Rc1 f5 35. Bxf5 b4 36. Rc7+ Kf6 37. Be4 Kg7 38. Bd5 Rb5 39. Bxf7 Rxa5 40.
Bb3+ Kf6 41. g4 e4 42. Rf7+ Kg6 43. Re7 Bd3 44. Re6+ Kg7 45. Kg2 Rc5 46. Kg3 Rc1 47. Re7+ Kf8 48. Rf7+ Ke8 49. Rf2 Rg1+ 50. Kf4 Rh1 51.
h5 Kf8 52. Kg5+ Kg7 53. h6+ Kh7 54. Rf7+ Kh8 55. Rf8+ Kh7 56. Bg8+ 1-0

[Event "*** Biggest EVER Titled Tuesday"]
[Site "Chess.com"]
[Date "2018.04.17"]
[Round "2"]
[White "AvitalBor"]
[Black "LyonBeast"]
[Result "0-1"]
[WhiteElo "2582"]
[BlackElo "2808"]
[TimeControl "180+2"]
[EndTime "13:23:02 PDT"]
[Termination "LyonBeast won by checkmate"]

1. e4 c5 2. Nf3 d6 3. d4 cxd4 4. Nxd4 Nf6 5. Nc3 a6 6. h4 Nc6 7. Be2 e5 8. Nb3 Be7 9. g4 h6 10. Be3 Be6 11. Bf3 Rc8 12. Qe2 Na5 13. O-O-O Rxc3 14.
bxc3 Qc7 15. g5 Nd7 16. Qe1 Nc4 17. gxh6 gxh6 18. Kb1 Nxe3 19. Qxe3 Nb6 20. Be2 Na4 21. c4 b5 22. cxb5 Nc3+ 23. Kb2 Nxd1+ 24. Rxd1 axb5 25. Bxb5+ Kf8 26. f4 Bxh4 27. f5 Bc8 28. a4 Ke7 29. Qd3 Bb7 30. a5 Rb8 31. a6 Ba8 32.
Rd2 Bg5 33. Re2 Qb6 34. Bc4 Bc6 35. Rg2 Rc8 36. Rh2 Qb4 37. Bd5 Bb5 38. Qf3 Bxa6 39. f6+ Ke8 40. Qh5 Rc7 41. Rg2 Qc3+ 42. Ka2 Ra7 43. Kb1 Qe3 44. Be6 Bf1 45. Rd2 Qe1+ 46. Rd1 Qe2 47. Bg4 Qa6 48. Kb2 Qa3+ 49. Kc3 Rc7# 0-1

[Event "*** Biggest EVER Titled Tuesday"]
[Site "Chess.com"]
[Date "2018.04.17"]
[Round "2"]
[White "DACF2905"]
[Black "savinspm"]
[Result "1/2-1/2"]
[WhiteElo "2032"]
[BlackElo "2012"]
[TimeControl "180+2"]
[EndTime "13:23:02 PDT"]
[Termination "Game drawn - insufficient material"]

1. e4 e5 2. Nf3 Nc6 3. Bb5 a6 4. Ba4 Nf6 5. d3 b5 6. Bb3 Bc5 7.
O-O d6 8. c3 O-O 9. Nbd2 Ba7 10. h3 Be6 11. a4 Bxb3 12. Qxb3 Qd7 13. axb5 axb5 14. Kh2 Rab8 15. Ng1 h6 16. Ndf3 Kh8 17. Ne2 Qe6 18. Qxe6 fxe6 19. Ng3 Bb6 20. Be3 Bxe3 21.
fxe3 b4 22. Nh4 Kh7 23. d4 bxc3 24. bxc3 Rb3 25. Rfc1 Rfb8 26. Nf3 Rb2 27. Ra6 R8b6 28. Rxb6 Rxb6 29. Ra1 Rb3 30. Rc1 Nd7 31. Rc2 Nb6 32. Nd2 Ra3 33. Kg1 Na4 34. Ne2 Nb6 35. Kf2 Kg6 36.
c4 Nb4 37. Rc3 Ra2 38. Nf3 Nc6 39. c5 Na4 40. Rc1 d5 41. exd5 exd5 42. dxe5 Nd8 43. Kf1 Ne6 44. Rd1 Rxe2 45. Kxe2 Nc3+ 46. Ke1 Nxd1 47.
Kxd1 Nxc5 48. g4 Ne4 49. Ke2 Kf7 50. Nd4 c5 51. Nf5 g6 52. Nxh6+ Kg7 53. g5 Nxg5 54. Ng4 Nxh3 55. Nf6 Kf7 56. Nxd5 Ke6 57. Nf4+ Nxf4+ 58. exf4 g5 59. fxg5 Kxe5 60. Kd3 Kf5 61. Kc4 Kxg5 62. Kxc5 1/2-1/2

[Event "*** Biggest EVER Titled Tuesday"]
[Site "Chess.com"]
[Date "2018.04.17"]
[Round "2"]
[White "Vahe_Dan1"]
[Black "Alexander_Moskalenko"]
[Result "0-1"]
[WhiteElo "2508"]
[BlackElo "2713"]
[TimeControl "180+2"]
[EndTime "13:23:03 PDT"]
[Termination "Alexander_Moskalenko won by resignation"]

1. e4 c5 2. Nc3 d6 3. g3 g6 4. Bg2 Bg7 5. Nge2 Nc6 6. O-O a6 7. d3 Nf6 8. Bg5 O-O 9. Qd2 Bd7 10. Bh6 b5 11. Bxg7 Kxg7 12. Rae1 Nd4 13. Nxd4 cxd4 14.
Ne2 e5 15. c3 dxc3 16. Nxc3 Rc8 17. a3 h6 18. h3 Qb6 19. Kh2 a5 20. f4 b4 21. axb4 axb4 22. Ne2 Bb5 23. Qxb4 Rb8 24. Qd2 Ba6 25. Ra1 Rfc8 26. Nc3 Bb7 27. f5 g5 28. Rfc1 Bc6 29. Ra2 Qb4 30. Qd1 Bd7 31.
Rca1 Qd4 32. Qe2 Rb7 33. Qd2 Rcb8 34. Bf3 d5 35. exd5 Bxf5 36. d6 e4 37. Bg2 Rb6 38. Ra4 Qxd6 39. Rf1 Rxb2 40. Qe3 Bg6 41. dxe4 Qd2 42.
Qxd2 Rxd2 43. e5 Nd7 44. e6 fxe6 45. Ra7 Rbb2 46. Rg1 Kf6 47. Nd1 Be4 48. Ne3 Ne5 49. Kh1 Bxg2+ 50. Nxg2 Nf3 51. Rf1 Rxg2 52. Rxf3+ Kg6 53.
Rff7 Rh2+ 54. Kg1 Rxh3 55. g4 Rg3+ 56. Kf1 Rxg4 57. Rg7+ Kh5 58. Rae7 Ra4 59. Rxe6 Ra1+ 60. Re1 Rxe1+ 61. Kxe1 Kg4 62. Rh7 h5 63. Kf1 h4 64.
Kg1 Kg3 0-1

[Event "*** Biggest EVER Titled Tuesday"]
[Site "Chess.com"]
[Date "2018.04.17"]
[Round "2"]
[White "amintabatabaei"]
[Black "IMRosen"]
[Result "1-0"]
[WhiteElo "2652"]
[BlackElo "2373"]
[TimeControl "180+2"]
[EndTime "13:23:04 PDT"]
[Termination "amintabatabaei won by resignation"]

1. Nf3 Nf6 2. g3 d5 3. Bg2 e6 4.
O-O Be7 5. d4 b5 6. Qd3 a6 7. a4 b4 8. Bg5 O-O 9. Nbd2 a5 10. c4 Ba6 11. b3 Nbd7 12. Bxf6 Bxf6 13. e4 c5 14. e5 Be7 15. Qe3 Rc8 16. Rfd1 cxd4 17.
Nxd4 Nb6 18. Rac1 Bc5 19. N2f3 Qe7 20. Bf1 Rfd8 21. cxd5 Nxd5 22. Qe1 Bb7 23. Nb5 Nc3 24. Rxd8+ Rxd8 25. Bg2 Nxb5 26. axb5 Bd5 27. Nd2 Qb7 28.
Bxd5 Rxd5 29. Qe2 h6 30. Ne4 Bd4 31. Nd6 Qb6 32. Rc8+ Kh7 33. Qe4+ g6 34. Rf8 Bxf2+ 35. Kg2 f5 36. Qe2 Bc5 37. Rf6 Bxd6 38. exd6 Rxd6 39. Qe5 Qb7+ 40. Kh3 Qd7 41. Rf8 g5 42. Qf6 Qg7 43. Rf7 g4+ 44. Kh4 Qxf7 45. Qxf7+ Kh8 46. Qf8+ 1-0

[Event "*** Biggest EVER Titled Tuesday"]
[Site "Chess.com"]
[Date "2018.04.17"]
[Round "2"]
[White "IMAghasiyevKamal"]
[Black "Cecile-Haussernot"]
[Result "0-1"]
[WhiteElo "2538"]
[BlackElo "2322"]
[TimeControl "180+2"]
[EndTime "13:23:08 PDT"]
[Termination "Cecile-Haussernot won by resignation"]

1. e4 c5 2. Nf3 d6 3. d4 cxd4 4. Nxd4 Nf6 5. Nc3 a6 6. Be3 e5 7. Nb3 Be7 8. f3 Be6 9. Qd2 O-O 10. O-O-O Nbd7 11. g4 b5 12. Nd5 Bxd5 13. exd5 Nb6 14.
Bxb6 Qxb6 15. Na5 Nxd5 16. Qxd5 Qxa5 17. Bd3 Rac8 18. h4 Qa4 19. Kb1 Rc5 20. Qb7 Bd8 21. g5 f5 22. Qd7 Qa5 23. Bxf5 Qc7 24. Qe6+ Kh8 25. g6 Qe7 26. Qxd6 Qxd6 27. Rxd6 Be7 28.
Re6 Rxf5 29. Rxe7 hxg6 30. Re6 Kh7 31. Rg1 Rf6 32. Re7 Rxf3 33. h5 g5 34. b3 Kh6 35.
Rh1 Rf8 36. Re6+ Rf6 37. Re8 g4 38. Rh8+ Kg5 39. Rh7 Rc7 40. h6 Rff7 41. hxg7 Rxg7 42.
R7h5+ Kf4 43. Rf1+ Ke4 44. Re1+ Kf3 45. Rhxe5 g3 46. R5e3+ Kg4 47. c4 bxc4 48. bxc4 g2 49. Rg1 Kf4 50. Re2 Kf3 51. Rc2 Rce7 52. c5 Re2 53.
Rcc1 Rb7+ 54. Ka1 Rbb2 55. Rcd1 Rxa2+ 56. Kb1 Rab2+ 57. Ka1 Rbc2 0-1

[Event "*** Biggest EVER Titled Tuesday"]
[Site "Chess.com"]
[Date "2018.04.17"]
[Round "2"]
[White "VeraNebolsina"]
[Black "Jbd735"]
[Result "1-0"]
[WhiteElo "2445"]
[BlackElo "2271"]
[TimeControl "180+2"]
[EndTime "13:23:10 PDT"]
[Termination "VeraNebolsina won by resignation"]

1. e4 e5 2. Nf3 Nc6 3. Bc4 Bc5 4. O-O Nf6 5. d3 h6 6. c3 d6 7. b4 Bb6 8. Qb3 O-O 9. h3 Qe7 10. a4 a6 11. Na3 Be6 12. Bxe6 Qxe6 13. Qxe6 fxe6 14.
Nc4 Ba7 15. b5 Ne7 16. Ba3 Nc8 17. Rab1 axb5 18. Rxb5 Nb6 19. Nfd2 Nxa4 20. Rxb7 Rf7 21. Bb4 Nc5 22. Bxc5 Bxc5 23. Nb3 Nd7 24. Rxc7 Bb6 25. Rb7 Bc5 26. Nxc5 Nxc5 27. Rxf7 Kxf7 28. f4 Nxd3 29. fxe5+ Kg6 30. exd6 Rc8 31. d7 Rd8 32. Rd1 Nc5 33. Nb6 Kf6 34. Rd6 Nxe4 35. Rc6 Ke7 36. Kf1 Nf6 37.
Rc7 Nxd7 38. Ke2 Kd6 39. Rxd7+ Rxd7 40. Nxd7 Kxd7 41. Ke3 Kd6 42. Kd4 g5 43. g4 Kd7 44.
Ke5 Ke7 45. c4 Kd7 46. c5 Kc6 47. Kxe6 Kxc5 48. Kf6 Kd5 49. Kg6 Ke5 50. Kxh6 Kf4 51. Kh5 Kg3 52. Kxg5 Kxh3 53. Kf5 Kh4 54. g5 Kh5 55. g6 Kh6 56. Kf6 Kh5 57. g7 Kh6 58. g8=Q 1-0

[Event "*** Biggest EVER Titled Tuesday"]
[Site "Chess.com"]
[Date "2018.04.17"]
[Round "2"]
[White "BergenChessAcademy"]
[Black "SidArun"]
[Result "1-0"]
[WhiteElo "2198"]
[BlackElo "2141"]
[TimeControl "180+2"]
[EndTime "13:23:11 PDT"]
[Termination "BergenChessAcademy won by resignation"]

1. Nf3 e6 2. c4 g5 3. Nc3 Bg7 4. g3 d5 5. d4 c6 6. Bxg5 f6 7. Bc1 dxc4 8. a4 e5 9. e4 Bg4 10. d5 cxd5 11. Nxd5 Nc6 12. h3 Bh5 13. g4 Bf7 14.
Bxc4 Nge7 15. O-O Nxd5 16. Bxd5 Bxd5 17. exd5 Ne7 18. d6 Nc8 19. Qd5 Nxd6 20. Rd1 Ke7 21. Nh4 Bf8 22. Be3 b6 23. Rd2 Qc7 24. Qxd6+ Qxd6 25. Nf5+ Ke6 26. Nxd6 Bxd6 27. a5 b5 28. Rc1 Rhc8 29.
Rxc8 Rxc8 30. Bxa7 Bb4 31. Re2 Bxa5 32. f4 Rc1+ 33.
Kg2 Rc4 34. fxe5 fxe5 35. Bb8 e4 36. Bf4 Kd5 37. g5 Bd8 38. Kg3 b4 39. Rd2+ Rd4 40.
Re2 Rd3+ 41. Kg4 b3 42. Kf5 Rf3 43. Rxe4 Bc7 44. Rb4 Bxf4 45. Rxf4 Rxh3 46. Rb4 Kc5 47. Rb8 Rf3+ 48. Kg4 Rd3 49. Kf4 Rd4+ 50. Kf5 Kc4 51. Rc8+ Kd3 52. Rc3+ Kd2 53. Rxb3 Rd5+ 54. Kg4 Rd6 55.
Kh5 Rd7 56. Rb6 Kc2 57. Kh6 1-0

[Event "*** Biggest EVER Titled Tuesday"]
[Site "Chess.com"]
[Date "2018.04.17"]
[Round "2"]
[White "Abund"]
[Black "severomorskij"]
[Result "0-1"]
[WhiteElo "2472"]
[BlackElo "2668"]
[TimeControl "180+2"]
[EndTime "13:23:12 PDT"]
[Termination "severomorskij won by resignation"]

1. Nf3 Nf6 2. c4 e6 3. Nc3 d5 4.
d4 Bb4 5. e3 O-O 6. Bd2 c5 7.
cxd5 exd5 8. dxc5 Nc6 9. Be2 Bxc5 10. Nb5 a6 11. Nbd4 Bxd4 12. Nxd4 Nxd4 13. exd4 Qb6 14.
Bc3 Ne4 15. O-O Nxc3 16. bxc3 Be6 17. Rb1 Qc6 18. Qb3 b5 19. Bd3 Rfc8 20. Rfc1 g6 21. h3 Rc7 22. Qb4 Rac8 23. Rb3 Qd7 24. Ra1 Bf5 25. Bf1 Bc2 26. Ra3 Ba4 27. Be2 Qe6 28.
Bg4 f5 29. Bf3 Rc4 30. Qb2 Kg7 31. Kf1 Re8 32. Be2 Rc7 33. Re1 Rce7 34. Qd2 Qd6 35. Qb2 Qh2 36. f3 Qg3 37. Qd2 Re3 38. Qb2 h5 39. c4 Rxa3 40. Qxa3 dxc4 41. d5 Qe5 42. d6 Bd1 43. d7 Bxe2+ 44. Kg1 Qd4+ 45. Kh1 Qxd7 46. Qc3+ Kh7 47. Qf6 b4 48. h4 c3 49.
Rd1 Bxd1 50. Kh2 c2 51. Qg5 Qc7+ 52. Qf4 Qxf4+ 0-1

[Event "*** Biggest EVER Titled Tuesday"]
[Site "Chess.com"]
[Date "2018.04.17"]
[Round "2"]
[White "colemman"]
[Black "TheCount"]
[Result "1/2-1/2"]
[WhiteElo "2492"]
[BlackElo "2537"]
[TimeControl "180+2"]
[EndTime "13:23:15 PDT"]
[Termination "Game drawn - insufficient material"]

1. d4 Nf6 2. Nf3 g6 3. Nbd2 Bg7 4. e4 d6 5. Bc4 c5 6. dxc5 dxc5 7. O-O O-O 8. Qe2 Nc6 9. e5 Nd5 10. Nb3 b6 11. Rd1 e6 12. Bg5 Qc7 13. Bxd5 exd5 14. Rxd5 Be6 15. Rdd1 Nxe5 16. Bf4 Nxf3+ 17. Qxf3 Qe7 18.
Bd6 Qg5 19. Bxf8 Rxf8 20. h3 Bxb2 21. Rab1 Be5 22. Re1 c4 23. h4 Qf6 24. Nd2 Rc8 25. Qxf6 Bxf6 26. g3 Kg7 27. Ne4 Be7 28. Ng5 Bxg5 29.
hxg5 Rc5 30. f4 Ra5 31. Ra1 Ra3 32. Kf2 b5 33. Re3 c3 34. Ke2 b4 35. Rxe6 fxe6 36. Kd3 a5 37. Kc4 h6 38. gxh6+ Kxh6 39. Kd3 g5 40. Re1 gxf4 41. gxf4 Rxa2 42. Rxe6+ Kg7 43. Ra6 Ra1 44. f5 Kf7 45. Kc4 Ra2 46. Kd3 a4 47. Rb6 Rb2 48. Ra6 a3 49. Kc4 a2 50.
Kd3 Ke7 51. Kc4 a1=Q 52. Rxa1 Kf6 53. Ra5 Rxc2 54. Kxb4 Rc1 55. Kb3 Rf1 56. Kxc3 Rxf5 57. Rxf5+ Kxf5 1/2-1/2